cohdb
Replays
Latest Replays
All Replays
Popular Replays
Top Player Replays
Match Explorer
How It Works
Community
CoH3 Stats
Reddit
Sign in to upload your games and track your stats! →
Sign in with Steam
Match 37999209
Unlisted
Match 37999209
Overview
Messages
Build Orders
End
Kradschützen Motorcycle Team
Panzerpioneer Squad
Panzerpioneer Squad
Panzerpioneer Squad
Construct Light Support Kompanie
Assault Grenadier Squad
Construct Mechanized Kompanie
Panzerjäger Squad
Panzerjäger Mechanized Group
Veteran Squad Leaders
2.5-tonne Medical Truck
Marder III Tank Destroyer
Vehicle Survival Package
Support Armor Elements
Selects Armored Support Battlegroup
Selects Salvage Kits
Selects Panzer Storm
18-tonne Recovery Half-track
Marder III Tank Destroyer
Selects Stuka Anti-tank Loiter
Construct Panzerarmee Kommand
Armored Reserves
Tiger Heavy Tank
2.5-tonne Medical Truck
Stuka Anti-tank Loiter
菲蕾嘉
Angrycat
Tarkorotsu
MOJO
[GI] Bilbo Swaggins
Olympia007
Kable
Tanith's Finest
0
0
Comments
sign in to comment!
No comments posted yet!